 Dungeon Crawl Stone Soup version 0.26.0-10-g1f06aea511 (webtiles) character file.

Game seed: 14143181755432772831

1416 Borgoz the Cudgeller (level 8, -12/76 HPs)
             Began as a Gargoyle Berserker on Jan 15, 2021.
             Was an Elder of Trog.
             Mangled by an orc warrior
             ... wielding a +0 broad axe
              (15 damage)
             ... on level 6 of the Dungeon.
             The game lasted 00:07:11 (6480 turns).

Borgoz the Cudgeller (Gargoyle Berserker)           Turns: 6480, Time: 00:07:11

Health: -12/76     AC: 13    Str: 28    XL:     8   Next: 71%
Magic:  8/8        EV: 12    Int:  7    God:    Trog [****..]
Gold:   343        SH:  3    Dex: 11    Spells: 7/7 levels left

rFire    + . .     SeeInvis .   a - +1 mace
rCold    . . .     Faith    .   e - +0 buckler
rNeg     + . .     Spirit   .   g - +0 ring mail
rPois    ∞         Reflect  .   (no helmet)
rElec    +         Harm     .   n - +0 cloak
rCorr    .         Rampage  .   (no gloves)
Will     .....                  (no boots)
Stlth    ..........             (no amulet)
HPRegen  0.22/turn              b - ring of protection from fire
MPRegen  0.11/turn              o - +6 ring of strength

@: berserking, very quick
A: negative energy resistance 1, electricity resistance, unbreathing,
petrification resistance, miasma immunity, AC +5
a: Renounce Religion, Berserk, Trog's Hand, Brothers in Arms


You were on level 6 of the Dungeon.
You worshipped Trog.
Trog was greatly pleased with you.
You visited 1 branch of the dungeon, and saw 6 of its levels.

You collected 343 gold pieces.

Inventory:

Hand Weapons
 a - a +1 mace (weapon)
Armour
 e - a +0 buckler (worn)
 g - a +0 ring mail (worn)
 n - a +0 cloak (worn)
Jewellery
 b - a ring of protection from fire (left hand)
 o - a +6 ring of strength (right hand)
Wands
 j - a wand of paralysis (12)
Scrolls
 d - 4 scrolls of blinking
 l - a scroll of fear
 p - a scroll of enchant weapon
Potions
 c - a potion of might
 f - 4 potions of curing
 h - a potion of brilliance {unknown}
 i - 2 potions of haste
 k - 2 potions of berserk rage


   Skills:
 + Level 6.0 Fighting
 * Level 7.3 Maces & Flails
 + Level 5.4 Armour
 + Level 4.1 Dodging


You had 7 spell levels left.
You didn't know any spells.
Your spell library was empty.

Dungeon Overview and Level Annotations

Branches:
Dungeon (6/15)
 Temple: D:4-7

Altars:
Kikubaaqudgha


Innate Abilities, Weirdness & Mutations

You are resistant to torment.
Your stone body is resilient. (AC +5)
You are immune to poison.
You resist negative energy. (rN+)
You are resistant to electric shocks. (rElec)
You can survive without breathing.
You are immune to petrification.
You are immune to miasma.


Message History

You bludgeon the ogre!!
The ogre is almost dead.
The ogre barely misses you. You block the orc's attack.
The adder zombie bites you but does no damage.
You hit the ogre.
You feel the power of Trog in you as your rage grows.
You kill the ogre!
Trog accepts your kill.
The orc warrior hits you with a +0 broad axe!
* * * LOW HITPOINT WARNING * * *
The orc closely misses you.
Your Fighting skill increases to level 6!
You sock the orc!
You kill the orc!
Trog accepts your kill.
The adder zombie bites you but does no damage.
You hit the orc warrior.
The orc warrior is lightly wounded.
The orc warrior hits you with a +0 broad axe!
You die...

....#.. ..#
#.....#.... ..
###.....#..<.
..##<#.........
............##.
. #.............
..#....))Z......
........@o......
##......†....##
#.....<...#.##
...##......# #
..............
.........#.....
.........##...#
.........# ....#
........#. ....#


You could see an orc warrior and an adder zombie.

Vanquished Creatures
  The ghost of Gypyx the Slasher, an amateur DsGl of Ru (D:5)
  A water moccasin (D:5)
  2 black bears
  An ogre (D:6)
  A centaur (D:5)
  A big kobold (D:5)
  Blork the orc (D:5)
  A scorpion (D:4)
  3 vampire bats (D:2)
  3 bullfrog zombies (D:5)
  A hound (D:5)
  A jelly (D:5)
  A centaur skeleton (D:3)
  3 worker ants
  A hound skeleton (D:4)
  5 adders
  2 adder zombies (D:5)
  A worm (D:2)
  5 dart slugs
  6 leopard geckos
  11 orcs
  2 ball pythons
  3 bat skeletons (D:2)
  2 bat zombies (D:2)
  4 giant cockroaches
  8 goblins
  10 hobgoblins
  5 jackals
  3 quokkas
  3 bats
  9 frilled lizards
  A giant cockroach zombie (D:5)
  A jackal skeleton (D:5)
  33 kobolds
  7 rats
143 creatures vanquished.

Vanquished Creatures (others)
  26 plants (D:5)
26 creatures vanquished.

Grand Total: 169 creatures vanquished

Notes
Turn   | Place    | Note
-------+----------+-------------------------------------------
     0 | D:1      | Borgoz the Gargoyle Berserker began the quest for the Orb.
     0 | D:1      | Reached XP level 1. HP: 14/14 MP: 1/1
   419 | D:1      | Reached XP level 2. HP: 19/19 MP: 2/2
   892 | D:1      | Reached XP level 3. HP: 23/23 MP: 3/3
  1127 | D:1      | Reached ** piety under Trog
  1934 | D:2      | Reached XP level 4. HP: 29/29 MP: 4/4
  2514 | D:2      | Reached skill level 4 in Maces & Flails
  2528 | D:2      | Found an ancient bone altar of Kikubaaqudgha.
  2540 | D:2      | Reached XP level 5. HP: 32/33 MP: 5/5
  2687 | D:3      | Reached *** piety under Trog
  2870 | D:3      | Reached XP level 6. HP: 37/38 MP: 6/6
  3114 | D:3      | Noticed a black bear
  3133 | D:3      | Killed a black bear
  3134 | D:3      | Reached skill level 5 in Maces & Flails
  3700 | D:4      | Reached XP level 7. HP: 42/44 MP: 7/7
  4801 | D:5      | Entered Level 5 of the Dungeon
  5101 | D:5      | Reached skill level 5 in Fighting
  5213 | D:5      | Reached skill level 6 in Maces & Flails
  5253 | D:5      | Reached **** piety under Trog
  5257 | D:5      | Reached XP level 8. HP: 32/49 MP: 8/8
  5524 | D:5      | Noticed Blork the orc
  5539 | D:5      | Killed Blork the orc
  5900 | D:5      | Found a runed translucent gate.
  5900 | D:5      | Found a runed translucent gate.
  5900 | D:5      | Found a runed translucent gate.
  5902 | D:5      | Noticed Gypyx's ghost (amateur DsGl)
  5933 | D:5      | Killed Gypyx's ghost
  5934 | D:5      | Reached skill level 5 in Armour
  6264 | D:5      | Reached skill level 7 in Maces & Flails
  6478 | D:6      | HP: 3/76 [orc warrior/+0 broad axe (11)]
  6480 | D:6      | Mangled by an orc warrior

Illustrated notes

Levels and vault maps discovered:
D:1:      co_arrival_random_square_maze, layout_basic, serial_bayou_pond_d,
          skrybe_limestone_x, minmay_split_cup_large
D:2:      minmay_chambers_of_twos, layout_basic, kennysheep_vampire_church
D:3:      layout_loops_ring
D:4:      layout_layer_cave
D:5:      kennysheep_kobold_camp, layout_basic, gammafunk_ghost_necromancy,
          minmay_joined_circles, uniq_blork_the_orc
D:6:      layout_cave_pools, minmay_temple_entry_waves, roderic_three_in_a_row

Skill      XL: |  1  2  3  4  5  6  7  8 |
---------------+-------------------------+-----
Dodging        | 2 3 4 |  4.1
Maces & Flails | 4 5 6 7 |  7.3
Fighting       | 4 5 6 |  6.0
Armour         | 3 4 5 |  5.4

Action                   |  1- 3 |  4- 6 |  7- 9 || total
-------------------------+-------+-------+-------++-------
Melee: Mace              |   114 |   187 |   272 ||   573
Invok: Berserk           |     3 |       |     3 ||     6
       Trog's Hand       |       |       |     1 ||     1
  Use: Scroll            |     6 |     1 |     6 ||    13
Armor: Animal skin       |    16 |       |       ||    16
       Ring mail         |    55 |   121 |   158 ||   334
Dodge: Dodged            |   102 |   162 |   216 ||   480
Block: Buckler           |    12 |    40 |    49 ||   101
